 Dungeon Crawl Stone Soup version 0.29-a0-338-g1ff7896281 (webtiles) character file.

Game seed: 4005801844655323216

39 siradein the Covered (level 3, -1/30 HPs)
             Began as a Barachi Fighter on Apr 18, 2022.
             Succumbed to a kobold's poison
             ... on level 2 of the Dungeon.
             The game lasted 00:04:22 (1556 turns).

siradein the Covered (Barachi Fighter)              Turns: 1556, Time: 00:04:23

Health: -1/30      AC: 11    Str: 19    XL:     3   Next: 47%
Magic:  3/3        EV:  5    Int:  8    God:
Gold:   16         SH:  4    Dex: 11    Spells: 2/2 levels left

rFire   . . .      SeeInvis .   a - +0 long sword
rCold   . . .      Faith    .   c - +0 buckler
rNeg    . . .      Spirit   .   h - +0 plate armour
rPois   .          Reflect  .   (no helmet)
rElec   .          Harm     .   (no cloak)
rCorr   +          Rampage  .   (no gloves)
Will    .....                   (no boots)
Stlth   ..........              (no amulet)
HPRegen 0.10/turn               i - ring of resist corrosion
MPRegen 0.08/turn               (no ring)

@: lethally poisoned (-1 -> -7), slow
A: amphibious, slowness 1, strong legs 1, +LOS
a: Hop


You were on level 2 of the Dungeon.
You visited 1 branch of the dungeon, and saw 2 of its levels.

You collected 36 gold pieces.
You spent 20 gold pieces at shops.

Inventory:

Hand Weapons
 a - a +0 long sword (weapon)
Armour
 c - a +0 buckler (worn)
 h - a +0 plate armour (worn)
Jewellery
 i - a ring of resist corrosion (left hand)
Scrolls
 b - a scroll of enchant weapon {unknown}
 e - a scroll of fog
 f - 2 scrolls of immolation
 k - a scroll of torment {unknown}
Potions
 d - 2 potions of might
 j - a potion of haste
 l - 3 potions of curing


   Skills:
 + Level 4.1 Fighting
 + Level 3.1 Long Blades
 + Level 4.1 Armour
 + Level 3.7 Shields


You had 2 spell levels left.
You didn't know any spells.
Your spell library was empty.

Dungeon Overview and Level Annotations

Branches:
Dungeon (2/15)

Altars:

Shops:
D:1 ?


Innate Abilities, Weirdness & Mutations

You are amphibious.
You cover ground slowly.
You can hop short distances.
You have an extended range of vision and can be seen from far away.


Message History

The adder is almost dead.
You block the adder's attack.
You slash the adder!
You kill the adder!
You barely miss the kobold. The kobold hits you but does no damage.
You are poisoned.
You hit the kobold but do no damage.
You feel very sick.
The kobold hits you with a +1 dagger of venom.
The kobold hits you but does no damage.
You are more poisoned.
You closely miss the kobold.
You feel very sick. You block the kobold's attack.
You are too injured to fight recklessly!
You are too injured to fight recklessly!
You are too injured to fight recklessly!
You are too injured to fight recklessly!
You closely miss the kobold.
You feel very sick. The kobold barely misses you.
You closely miss the kobold.
* * * LOW HITPOINT WARNING * * *
You feel very sick.
The kobold hits you but does no damage. x2
You are lethally poisoned!
You barely miss the kobold.
* * * LOW HITPOINT WARNING * * *
You feel very sick. The kobold closely misses you.
You closely miss the kobold.
* * * LOW HITPOINT WARNING * * *
You feel very sick. You block the kobold's attack.
You closely miss the kobold.
* * * LOW HITPOINT WARNING * * *
You feel sick. The kobold barely misses you.
You slash the kobold!
You kill the kobold!
You die...

#.##.P♣P♣.####.###.###
#.###.................
#.####..####.##.##....
#..|...## #.##.######
######.# #.##.######
#.# #.........#
######.######♣♣♣♣♣♣...
#.....................
#.###@#######♣♣♣♣♣♣#.#
#)# #.#....# #.#
#......# ... #.......
[.. ##..P... #...#
###.♣... .....
#...P.(. .....
#.#.♣♣♣. .......
#.#..♣PP


There were no monsters in sight!

Vanquished Creatures
  An adder (D:2)
  3 endoplasms (D:1)
  3 giant cockroaches (D:1)
  2 goblins (D:1)
  3 hobgoblins
  3 jackals (D:1)
  6 kobolds
  2 bats (D:1)
  3 frilled lizards
  2 rats (D:1)
28 creatures vanquished.

Vanquished Creatures (others)
  A plant (D:2)
1 creature vanquished.

Grand Total: 29 creatures vanquished

Notes
Turn   | Place    | Note
-------+----------+-------------------------------------------
     0 | D:1      | siradein the Barachi Fighter began the quest for the Orb.
     0 | D:1      | Reached XP level 1. HP: 18/18 MP: 1/1
   147 | D:1      | Found Nirraugu's Magic Scroll Shoppe.
   157 | D:1      | Bought a scroll of identify for 20 gold pieces
   342 | D:1      | Reached XP level 2. HP: 15/25 MP: 2/2
   852 | D:1      | Reached XP level 3. HP: 27/30 MP: 3/3
  1555 | D:2      | HP: 1/30 [poisoned by a kobold]
  1556 | D:2      | Succumbed to a kobold's poison

Illustrated notes

Levels and vault maps discovered:
D:1:      dpeg_chamrin_arrival_tetris, layout_loops_ring, serial_shops, shop
D:2:      layout_loops_ring, serial_forest, infiniplex_forest_straight_2,
          infiniplex_forest_end_double, infiniplex_forest_clump_C,
          infiniplex_forest_clump_diagonal, infiniplex_forest_clump_large,
          st_stairs_12, kennysheep_big_empty_room

Skill      XL: |  1  2  3 |
---------------+----------+-----
Fighting       | 4 |  4.1
Armour         | 4 |  4.1
Long Blades    | 3 |  3.1
Shields        | |  3.7

Action                   || total
-------------------------++-------
Melee: Long sword        ||   154
 Abil: Hop               ||     2
  Use: Scroll            ||     5
Armor: Scale mail        ||     8
       Plate armour      ||    69
Dodge: Dodged            ||    29
Block: Buckler           ||    31

Table legend: (Time is in decaauts)
 A = Elapsed time spent in this place.
 B = Non-inter-level travel time spent in this place.
 C = Inter-level travel time spent in this place.
 D = Time resting spent in this place.
 E = Time spent auto-exploring this place.
 F = Levels seen in this place.
 G = Mean time per level.
                   A        B        C        D        E       F      G
               +--------+--------+--------+--------+--------+-----+--------+
         Total |   1770 |   1735 |     35 |      0 |   1360 |   2 |  885.0 |
       Dungeon |   1770 |   1735 |     35 |      0 |   1360 |   2 |  885.0 |
               +--------+--------+--------+--------+--------+-----+--------+

Top non-repeatable levels by time:
     D:1: 1358 daAuts
     D:2: 412 daAuts
